 Dungeon Crawl Stone Soup version 0.30.2 (webtiles) character file.

Game seed: 9662504760495893179

284 cforsyth the Caller (level 6, 24/24 HPs)
             Began as a Felid Summoner on May 19, 2023.
             Quit the game in an ossuary on Feb 12, 2024.
             The game lasted 00:12:52 (4970 turns).

cforsyth the Caller (Felid Summoner)                Turns: 4970, Time: 00:12:53

Health: 24/24      AC:  2    Str:  4    XL:     6   Next: 7%
Magic:  13/13      EV: 17    Int: 19    God:
Gold:   166        SH:  0    Dex: 16    Spells: 4/13 levels left
                                        Lives:  1   Deaths: 0

rFire   . . .        (weapon unavailable)
rCold   . . .        (shield unavailable)
rNeg    . . .        (body armour unavailable)
rPois   .            (helmet unavailable)
rElec   .            (cloak unavailable)
rCorr   .            (gloves unavailable)
SInv    +            (boots unavailable)
Will    .....        (no amulet)
Stlth   ++           (no ring)
HPRegen 0.24/turn    (no ring)
MPRegen 0.13/turn

%: no passive effects
@: quick
A: very small, claws 1, fangs 3, see invisible, speed 1, shaggy fur 2, stealthy
paws, no weapons or thrown items, no armour, multi-lived
a: no special abilities


You were in an ossuary.
You visited 1 branch of the dungeon, and saw 4 of its levels.
You also visited: Ossuary.

You collected 166 gold pieces.

Inventory:

Scrolls
 c - a scroll of amnesia {unknown}
 e - 2 scrolls of teleportation
 g - 2 scrolls of summoning {unknown}
 k - a scroll of blinking {unknown}
 l - a scroll of vulnerability {unknown}
 n - 2 scrolls of noise {unknown}
 q - 2 scrolls of identify {unknown}
 r - a scroll of brand weapon {unknown}
Potions
 a - a potion of magic
 b - 2 potions of curing {unknown}
 d - 2 potions of flight {unknown}
 f - a potion of berserk rage {unknown}
 h - 2 potions of lignification {unknown}
 i - a potion of might {unknown}
 j - 2 potions of haste {unknown}
 m - 2 potions of heal wounds {unknown}
 o - 2 potions of attraction {unknown}
 p - a potion of brilliance {unknown}


   Skills:
 - Level 2.6 Dodging
 - Level 2.6 Stealth
 + Level 4.3 Spellcasting
 + Level 1.0 Hexes
 + Level 5.8 Summonings


You had 4 spell levels left.
You knew the following spells:

 Your Spells              Type           Power      Damage    Failure   Level
a - Summon Small Mammal   Summ           100%       N/A       1%          1
b - Call Imp              Summ           52%        N/A       1%          2
c - Call Canine Familiar  Summ           26%        N/A       3%          3
d - Summon Guardian Gole  Hex/Summ       17%        N/A       10%         3

Your spell library contained the following spells:

 Spells                   Type           Power      Damage    Failure   Level
 Shock                    Conj/Air       16%        1d4       13%         1
 Swiftness                Air            4%         N/A       36%         3
 Summon Lightning Spire   Summ/Air       15%        N/A       36%         4
 Airstrike                Air            2%         2d(1-17)  78%         4
 Summon Forest            Summ/Tloc      7%         N/A       73%         5
 Eringya's Noxious Bog    Tmut/Pois      2%         N/A       100%        6
 Summon Hydra             Summ           13%        N/A       100%        7


Dungeon Overview and Level Annotations

Branches:
Dungeon (4/15)            Ossuary (1/1)
 Temple: D:4-7

Altars:
Cheibriados
Xom

Annotations:
D:2 Terence


Innate Abilities, Weirdness & Mutations

You have sharp claws.
You have razor-sharp teeth.
You have supernaturally acute eyesight. (SInv)
You cover ground quickly. (Speed+)
You are covered in thick fur. (AC +2)
Your paws help you pounce on unaware monsters.
You are incapable of wielding weapons or throwing items.
You cannot wear armour.
You gain extra lives every three experience levels.


Message History

The hobgoblin zombie hits your hound but does no damage.
Your hound bites the hobgoblin zombie.
Your hound barely misses the hobgoblin zombie.
The hobgoblin zombie completely misses your hound.
Your hound bites the hobgoblin zombie. x2
The hobgoblin zombie is destroyed!
You swap places.
You start resting.
Magic restored.
You start waiting.
Your hound disappears in a puff of smoke!
Done waiting.
What are your orders? t - Meow!
Orders for allies: a - Attack new target. r - Retreat! s - Stop attacking. g - Guard the area. f - Follow me.
Anything else - Cancel.
You meow for attention!
What are your orders? t - Meow!
Orders for allies: a - Attack new target. r - Retreat! s - Stop attacking. g - Guard the area. f - Follow me.
Anything else - Cancel.
Okay, then.
You start waiting.
Done waiting.
Really walk onto that alarm trap?
You set off the alarm!
The alarm trap emits a blaring wail!
A sentinel's mark forms upon you.
You hear a shout!
The sentinel's mark upon you fades away.
There is a gate leading back out of this place here.
Welcome back, cforsyth the Felid Summoner.
Press ? for a list of commands and other information.
Welcome back, cforsyth the Felid Summoner.
Press ? for a list of commands and other information.
Are you sure you want to abandon this character and quit the game? (Confirm with "yes".)

######
##..@.##
##..##..##
##..####..##
##..##
##..##
##..##
##..##
##..##
##..##
##..##
##..##
##..##
##.^##
##..##
##..##


There were no monsters in sight!

Vanquished Creatures (collateral kills)
  The ghost of AverageBear the Trooper, an amateur OpFi (D:3)
  An orc priest (D:3)
  An orc wizard (D:4)
  2 nameless horrors (D:2)
  2 mummies
  2 adders
  2 worms (D:3)
  2 dart slugs
  9 orcs
  9 endoplasms
  2 giant cockroaches
  6 goblins
  3 hobgoblins
  4 jackals (D:1)
  5 kobolds
  A quokka (D:1)
  11 ball pythons
  7 bats
  A frilled lizard (D:3)
  A gnoll skeleton (Ossuary)
  2 goblin skeletons (Ossuary)
  2 goblin zombies (Ossuary)
  5 hobgoblin zombies (Ossuary)
  A kobold skeleton (Ossuary)
  4 kobold zombies
  An orc skeleton (Ossuary)
  An orc zombie (Ossuary)
  6 rats
  2 rat skeletons (Ossuary)
  A rat zombie (Ossuary)
97 creatures vanquished.

Notes
Turn   | Place    | Note
-------+----------+-------------------------------------------
     0 | D:1      | cforsyth the Felid Summoner began the quest for the Orb.
     0 | D:1      | Reached XP level 1. HP: 7/7 MP: 4/4
   220 | D:1      | Reached XP level 2. HP: 11/11 MP: 6/6
   238 | D:1      | Learned a level 2 spell: Call Imp
  1140 | D:2      | Noticed Terence
  1233 | D:2      | Reached XP level 3. HP: 14/14 MP: 2/8
  1237 | D:2      | Learned a level 3 spell: Call Canine Familiar
  1371 | D:2      | Noticed a nameless horror
  1404 | D:2      | Killed a nameless horror
  1463 | D:2      | Noticed a nameless horror
  1598 | D:2      | Killed a nameless horror
  2315 | D:3      | Found a shimmering altar of Xom.
  2473 | D:3      | Reached XP level 4. HP: 18/18 MP: 5/9
  2672 | D:3      | Found a runed translucent gate.
  2673 | D:3      | Found a runed translucent gate.
  2679 | D:3      | Noticed AverageBear's ghost (amateur OpFi)
  2688 | D:3      | Found a runed translucent gate.
  3018 | D:3      | Reached skill level 5 in Summonings
  3397 | D:3      | Found a snail-covered altar of Cheibriados.
  3559 | D:3      | Reached XP level 5. HP: 9/21 MP: 6/11
  3571 | D:3      | Killed AverageBear's ghost
  3882 | D:3      | Learned a level 3 spell: Summon Guardian Golem
  4075 | D:4      | Found a sand-covered staircase.
  4096 | D:4      | Gained mutation: You are covered in thick fur. (AC +2)
                  | [Felid growth]
  4096 | D:4      | Reached XP level 6. HP: 24/24 MP: 3/13
  4143 | Ossuary  | Entered an ossuary
  4316 | Ossuary  | Reached skill level 1 in Hexes
  4970 | Ossuary  | Upgraded the game from 0.30.0-15-g856e2d3f33 to 0.30.2
  4970 | Ossuary  | Quit the game

Illustrated notes

Levels and vault maps discovered:
D:1:      nzn_arrival_depleted_hourglass, layout_basic
D:2:      layout_loops_ring, st_stairs_4, minmay_liquid_box, uniq_terence
D:3:      layout_basic, slow_altar_2, pf_just_have_faith, gammafunk_ghost_split,
          serial_park_tiny_1, grunt_ministairs_6
D:4:      layout_loops_ring, ashenzari_altar_1, nicolae_ossuary_entry_giza,
          serial_shops, shop, st_stairs_13
Ossuary:  ossuary_due_pyramid

Skill      XL: |  1  2  3  4  5  6 |
---------------+-------------------+-----
Spellcasting   | 3 4 |  4.3
Summonings     | 5 |  5.8
Hexes          | 1 |  1.0
Dodging        | |  2.6
Stealth        | |  2.6

Action                     |  1- 3 |  4- 6 || total
---------------------------+-------+-------++-------
  Melee: Unarmed           |     1 |       ||     1
   Cast: Summon Small Mamm |    35 |    20 ||    55
         Call Imp          |    14 |    20 ||    34
         Call Canine Famil |    13 |    16 ||    29
    Use: Scroll            |       |     1 ||     1
 Armour: Skin              |     4 |     1 ||     5
  Dodge: Dodged            |    24 |    12 ||    36
